 Dungeon Crawl Stone Soup version 0.15-a0-2265-gb33f7a6 (webtiles) character file.

632 MRaven the Cudgeler (level 7, -3/61 HPs)
             Began as a Gargoyle Berserker on July 27, 2014.
             Was an Elder of Trog.
             Slain by a goliath beetle (23 damage)
             ... on Level 5 of the Dungeon.
             The game lasted 00:26:15 (4429 turns).

MRaven the Cudgeler (Gargoyle Berserker)            Turns: 4429, Time: 00:26:15

HP  -3/61        AC 14     Str 27      XL: 7   Next: 49%
MP   7/7         EV 14     Int  8      God: Trog [****..]
Gold 196         SH  0     Dex  9      Spells:  0 memorised,  6 levels left

rFire  . . .     SeeInvis .     a - +1 mace
rCold  . . .     Clarity  .     s - +1 robe
rNeg   + . .     rCorr    .     (no shield)
rPois  +         rRot     +     (no helmet)
rElec  +         Spirit   .     k - +2 cloak
SustAb .         Warding  .     t - +2 pair of gloves
rMut   .         Stasis   .     (no boots)
Gourm  .                        (no amulet)
MR     .....                    (no ring)
                                p - +2 ring of evasion

@: berserking (expiring), very quick, not resistant to hostile enchantments,
extremely unstealthy
A: negative energy resistance 1, electricity resistance, unbreathing,
petrification resistance, rot immunity, AC +4
a: Burn Spellbooks, Berserk, Trog's Hand, Brothers in Arms, Renounce Religion


You were on level 5 of the Dungeon.
You worshipped Trog.
Trog was greatly pleased with you.
You were hungry.

You visited 1 branch of the dungeon, and saw 5 of its levels.

You collected 196 gold pieces.

Inventory:

Hand weapons
 a - a +1 mace (weapon)
Armour
 k - a +2 cloak (worn)
 q - a +0 large shield
 s - a +1 robe (worn)
 t - a +2 pair of gloves (worn)
Comestibles
 o - a beef jerky
 v - a chunk of rat flesh
Scrolls
 b - a scroll of enchant armour
 j - 2 scrolls of identify
 l - 2 scrolls of blinking
 n - a scroll of enchant weapon
 y - a scroll of remove curse
Jewellery
 p - a +2 ring of evasion (left hand)
 x - an uncursed ring of flight {unknown}
Potions
 c - a potion of flight
 d - a potion of curing {unknown}
 e - a potion of haste {unknown}
 f - a potion of agility
 g - a potion of might {unknown}
 h - a potion of resistance {unknown}
 i - a potion of cure mutation {unknown}
 m - 2 potions of heal wounds {unknown}
 w - a potion of restore abilities {unknown}


   Skills:
 - Level 3.2 Fighting
 + Level 7.8 Maces & Flails
 - Level 2.1 Armour
 + Level 3.0 Dodging


You had 6 spell levels left.
You didn't know any spells.

Dungeon Overview and Level Annotations

Branches:
Dungeon (5/15)             Temple (0/1) D:4

Altars:
Cheibriados
Elyvilon
Fedhas
Okawaru
Xom
Yredelemnul


Innate Abilities, Weirdness & Mutations

You are resistant to torment.
You are immune to poison.
Your stone body is very resilient (AC +4).
You resist negative energy.
You are resistant to electric shocks.
You can survive without breathing.
You are immune to petrification.
You are immune to rotting.


Message History

You hit the goliath beetle but do no damage.
The goliath beetle is lightly wounded.
You sock the goliath beetle!
The goliath beetle is moderately wounded.
The goliath beetle bites you!!
You thump the goliath beetle!
The goliath beetle is heavily wounded.
You sock the goliath beetle!
The goliath beetle is severely wounded.
You hit the goliath beetle but do no damage.
The goliath beetle is severely wounded.
The goliath beetle misses you.
You sock the goliath beetle!
The goliath beetle is almost dead.
You hit the goliath beetle.
The goliath beetle is almost dead.
You barely miss the goliath beetle.
The goliath beetle is almost dead.
The goliath beetle bites you!!
You die...

..........##
...........###...
...##............
########'########
#...............#
#...............#
....#######....#
... #.....#....#
.. +..$.sB@...#
#..b..#....#
##### #....#
.....# .....#
#######


You could see a goliath beetle and a giant cockroach.

Vanquished Creatures
  An ogre (D:5)
  Sigmund (D:3)
  A killer bee (D:5)
  Crazy Yiuf (D:2)
  An orc wizard (D:3)
  An iguana (D:3)
  4 worker ants
  Natasha (D:3)
  Jessica (D:2)
  2 gnolls
  A scorpion zombie (D:5)
  3 adders
  5 giant mites (D:5)
  2 worms
  An adder skeleton (D:3)
  3 giant geckos
  2 oozes
  7 orcs (D:3)
  6 giant cockroaches
  13 hobgoblins
  2 quokkas (D:2)
  9 bats
  7 giant newts
  11 goblins
  12 kobolds
  10 rats
  A butterfly (D:5)
  A fungus (D:2)
110 creatures vanquished.

Vanquished Creatures (others)
  A scorpion (D:4)
1 creature vanquished.

Grand Total: 111 creatures vanquished

Notes
Turn   | Place    | Note
--------------------------------------------------------------
     0 | D:1      | MRaven, the Gargoyle Berserker, began the quest for the Orb.
     0 | D:1      | Reached XP level 1. HP: 14/14 MP: 1/1
   515 | D:1      | Reached XP level 2. HP: 17/19 MP: 2/2
   808 | D:1      | Reached skill level 4 in Maces & Flails
   808 | D:1      | Reached XP level 3. HP: 21/23 MP: 3/3
  1568 | D:2      | Found a shimmering altar of Xom.
  1590 | D:2      | Noticed Jessica
  1603 | D:2      | Acquired Trog's second power
  1603 | D:2      | Reached XP level 4. HP: 20/28 MP: 4/4
  1611 | D:2      | Killed Jessica
  1611 | D:2      | Reached skill level 5 in Maces & Flails
  1703 | D:2      | Found an iron altar of Okawaru.
  2277 | D:2      | Noticed Crazy Yiuf
  2286 | D:2      | Killed Crazy Yiuf
  2286 | D:2      | Reached XP level 5. HP: 30/32 MP: 5/5
  2690 | D:3      | Found a blossoming altar of Fedhas.
  2691 | D:3      | Found a basalt altar of Yredelemnul.
  2770 | D:3      | Noticed Sigmund
  2985 | D:3      | Reached skill level 6 in Maces & Flails
  3196 | D:3      | Killed Sigmund
  3196 | D:3      | Reached XP level 6. HP: 37/37 MP: 6/6
  3556 | D:3      | Noticed Natasha
  3562 | D:3      | Killed Natasha
  3562 | D:3      | Reached skill level 7 in Maces & Flails
  3947 | D:4      | Found a white marble altar of Elyvilon.
  4119 | D:4      | Found a staircase to the Ecumenical Temple.
  4203 | D:4      | Found a snail-covered altar of Cheibriados.
  4268 | D:5      | Entered Level 5 of the Dungeon
  4274 | D:5      | Reached XP level 7. HP: 41/41 MP: 7/7
  4419 | D:5      | Acquired Trog's third power
  4429 | D:5      | Slain by a goliath beetle

Action                   |  1- 3 |  4- 6 |  7- 9 || total
-------------------------+-------+-------+-------++-------
Melee: Mace              |    94 |   223 |    86 ||   403
Invok: Berserk           |     3 |     4 |     1 ||     8
       Burn Spellbooks   |       |     1 |       ||     1
Evoke: Wand              |       |     1 |       ||     1
  Use: Scroll            |     2 |     7 |       ||     9
  Eat: Chunk             |     4 |     5 |       ||     9
       Bread ration      |     1 |       |       ||     1
       Meat ration       |       |     1 |       ||     1
